 Dungeon Crawl Stone Soup version 0.31-a0-620-gd1cbd99268 (webtiles) character file.

Game seed: 4372492220128969631

11321 rddays123 the Severer (level 11, -2/105 HPs)
             Began as a Minotaur Fighter on Aug 24, 2023.
             Was a High Priest of Okawaru.
             Killed from afar by a tengu reaver (15 damage)
             ... with a bolt of cold
             ... on level 12 of the Dungeon.
             The game lasted 00:23:03 (12854 turns).

rddays123 the Severer (Minotaur Fighter)           Turns: 12854, Time: 00:23:04

Health: -2/105     AC: 16    Str: 26    XL:     11   Next: 47%
Magic:  8/15       EV: 11    Int:  5    God:    Okawaru [*****.]
Gold:   778        SH: 11    Dex:  9    Spells: 10/10 levels left

rFire   . . .        a - +0 war axe
rCold   + . .        c - +0 buckler
rNeg    . . .        t - +2 scale mail {rC+}
rPois   .            k - +1 hat
rElec   .            L - +0 cloak
rCorr   .            p - +0 pair of gloves
SInv    +            D - +0 pair of boots
Will    .....        T - amulet of reflection
Stlth   +            P - ring of see invisible
HPRegen 0.37/turn    (no ring)
MPRegen 0.14/turn

%: reflection
@: lethally poisoned (-2 -> -3), heroic, finesse-ful
A: horns 2, retaliatory headbutt
a: Renounce Religion, Heroism, Finesse, Duel


You were on level 12 of the Dungeon.
You worshipped Okawaru.
Okawaru was extremely pleased with you.
You visited 2 branches of the dungeon, and saw 13 of its levels.
You also visited: Ossuary.

You collected 778 gold pieces.

Inventory:

Hand Weapons
 a - a +0 war axe (weapon)
 K - the +3 hand axe of Ascent {venom, Dex+2}
   (You found it on level 8 of the Dungeon)

   Dex+2:     It affects your dexterity (+2).
Armour
 b - a +0 scale mail
 c - a +0 buckler (worn)
 k - a +1 hat (worn)
 p - a +0 pair of gloves (worn)
 t - a +2 scale mail of cold resistance (worn)
 D - a +0 pair of boots (worn)
 E - a +0 chain mail
 L - a +0 cloak (worn)
 S - +0 acid dragon scales
Jewellery
 l - a ring of ice
 w - a ring of fire
 P - a ring of see invisible (left hand)
 T - an amulet of reflection (around neck)
Wands
 q - a wand of roots (16)
 y - a wand of flame (48)
 B - a wand of acid (7)
 C - a wand of charming (18)
 H - a wand of mindburst (11)
 I - a wand of digging (6)
Scrolls
 e - a scroll of poison
 g - a scroll of immolation
 h - 2 scrolls of teleportation
 i - 2 scrolls of fog
 j - a scroll of amnesia {unknown}
 m - 3 scrolls of revelation
 o - 5 scrolls of enchant armour
 r - a scroll of brand weapon {unknown}
 s - 2 scrolls of noise
 v - a scroll of fear {unknown}
 F - a scroll of vulnerability {unknown}
 G - a scroll of enchant weapon {unknown}
 R - a scroll of blinking {unknown}
Potions
 d - a potion of might
 f - 3 potions of brilliance
 n - a potion of cancellation
 u - 3 potions of curing
 x - 3 potions of degeneration
 z - a potion of invisibility
 A - a potion of berserk rage
 J - 2 potions of lignification {unknown}
 M - a potion of haste {unknown}
 N - a potion of mutation {unknown}
 O - a potion of attraction {unknown}
 Q - a potion of enlightenment {unknown}


   Skills:
 - Level 12.6(17.6) Fighting
 - Level 15.1(20.1) Axes
 - Level 5.0(10.0) Armour
 - Level 5.1(10.1) Shields
 + Level 7.2 Invocations


You had 10 spell levels left.
You didn't know any spells.
Your spell library contained the following spells:

 Spells                   Type           Power      Damage    Failure   Level
 Freeze                   Ice            0%         1d3       77%         1
 Shock                    Conj/Air       0%         1d3       77%         1
 Cigotuvi's Dreadful Rot  Necr/Pois/Air  0%         N/A       88%         2
 Frozen Ramparts          Ice            0%         1d1       98%         3
 Hailstorm                Conj/Ice       0%         3d3       98%         3
 Swiftness                Air            0%         N/A       98%         3
 Airstrike                Air            0%         2d(0-16)  100%        4
 Dispel Undead            Necr           0%         3d6       100%        4
 Chain Lightning          Conj/Air       0%         N/A       100%        9
 Fire Storm               Conj/Fire      0%         5d1       100%        9
 Shatter                  Erth           0%         3d5*      100%        9
 Death Channel            Necr           Unusable   N/A       N/A         6

Dungeon Overview and Level Annotations

Branches:
Dungeon (12/15)            Temple (1/1) D:5             Orc (0/2) D:10
Ossuary (visited)
   Lair: D:8-11

Altars:
Ashenzari
Cheibriados
Dithmenos
Elyvilon
Fedhas
Gozag
Hepliaklqana
Kikubaaqudgha
Makhleb
Nemelex Xobeh
Okawaru
Qazlal
Ru
Sif Muna
Trog
Uskayaw
Vehumet
Wu Jian
Xom
Yredelemnul
Zin
The Shining One

Annotations:
D:8 exclusion: oklob plant


Innate Abilities, Weirdness & Mutations

You have a pair of horns on your head.
You reflexively headbutt those who attack you in melee.


Message History

You feel sick.
The tengu reaver hits you but does no damage.
The tengu reaver pecks you but does no damage.
The tengu reaver barely misses you.
You miss the tengu reaver. You headbutt the tengu reaver!
The tengu reaver is lightly wounded.
You slice the tengu reaver!!
You headbutt the tengu reaver, but do no damage.
The tengu reaver is moderately wounded.
The tengu reaver points at you and mumbles some strange words.
The bolt of lightning hits you!!
* * * LOW HITPOINT WARNING * * *
You miss the tengu reaver.
The tengu reaver is moderately wounded.
You feel sick.
You slash the tengu reaver!
The tengu reaver is heavily wounded.
You hit the tengu reaver.
The tengu reaver is heavily wounded.
You block the tengu reaver's attack. x2; The tengu reaver claws you.
* * * LOW HITPOINT WARNING * * *
You slash the tengu reaver!
The tengu reaver is severely wounded.
You feel sick.
You hit the tengu reaver but do no damage.
The tengu reaver is severely wounded.
The tengu reaver hits you with a +2 battleaxe of venom!
* * * LOW HITPOINT WARNING * * *
The tengu reaver pecks you but does no damage.
The tengu reaver claws you but does no damage.
You barely miss the tengu reaver. You headbutt the tengu reaver.
The tengu reaver is severely wounded.
You feel sick.
You miss the tengu reaver. You headbutt the tengu reaver!
The tengu reaver is severely wounded.
You hit the tengu reaver.
The tengu reaver is almost dead.
The tengu reaver casts a spell at you. The bolt of cold hits you! You resist.
You die...

#.#.###..........#
#.H.# #..........#
#..## #.......####
#3## #.......#
##h# #.......#
##K.# #.......#
#ยง..# #.......#
#.#K# ##.......#
#.#5# #......@.#
....# .......Q<.#
.# ....###.......#
.. .... #.......#
. )... ..#####.##
h..... .. #.# ...
...


You could see a tengu reaver.

Vanquished Creatures
  Fannar (D:11)
  A boulder beetle (D:11)
  2 two-headed ogres
  2 manticores (D:12)
  A komodo dragon (D:11)
  2 unseen horrors
  A kobold demonologist (D:12)
  A troll (D:9)
  2 shadows
  4 wraiths
  A steam dragon (D:10)
  8 vampire mosquitoes
  2 acid dragons (D:10)
  A water moccasin (D:5)
  A sky beast (D:6)
  A black bear (D:6)
  An ogre (D:5)
  3 phantoms
  6 centaurs
  3 kobold brigands
  4 bullfrogs
  A gnoll sergeant (D:5)
  3 scorpions
  19 wights
  15 killer bees
  4 howler monkeys
  2 hounds
  9 jellies
  7 orc priests
  A sleepcap (D:6)
  2 gnoll boudas
  An iguana (D:5)
  5 orc wizards
  9 gnolls
  6 adders
  2 shadow imps
  2 white imps
  2 ufetubi
  5 worms
  3 dart slugs
  26 orcs
  22 endoplasms
  6 giant cockroaches
  13 goblins
  5 hobgoblins
  3 jackals (D:2)
  23 kobolds
  2 quokkas
  12 ball pythons
  A ball python skeleton (Ossuary)
  5 bats
  2 frilled lizards
  3 kobold zombies (Ossuary)
  2 orc skeletons (Ossuary)
  2 orc zombies (Ossuary)
  2 rats
275 creatures vanquished.

Notes
Turn   | Place    | Note
-------+----------+-------------------------------------------
     0 | D:1      | rddays123 the Minotaur Fighter began the quest for the Orb.
     0 | D:1      | Reached XP level 1. HP: 19/19 MP: 0/0
   334 | D:1      | Reached XP level 2. HP: 27/27 MP: 1/1
  1149 | D:2      | Reached skill level 3 in Axes
  1178 | D:2      | Reached XP level 3. HP: 33/33 MP: 2/2
  1820 | D:3      | Reached XP level 4. HP: 40/40 MP: 3/3
  1943 | D:3      | Found an ancient bone altar of Kikubaaqudgha.
  2369 | D:3      | Found a burning altar of Makhleb.
  2605 | D:4      | Noticed a scorpion
  2612 | D:4      | Killed a scorpion
  2613 | D:4      | Reached XP level 5. HP: 47/47 MP: 4/4
  2646 | D:4      | Reached skill level 4 in Axes
  2676 | D:4      | Found a sand-covered staircase.
  2695 | Ossuary  | Entered an ossuary
  2749 | Ossuary  | Reached skill level 5 in Fighting
  2762 | Ossuary  | Reached skill level 5 in Armour
  2762 | Ossuary  | Reached skill level 5 in Shields
  2890 | Ossuary  | Reached XP level 6. HP: 53/53 MP: 5/5
  2924 | Ossuary  | Noticed a wraith
  2924 | Ossuary  | Noticed a flying skull
  2933 | Ossuary  | Noticed a flying skull
  2937 | Ossuary  | Noticed a flying skull
  2960 | Ossuary  | Noticed a flying skull
  2968 | Ossuary  | Noticed a wraith
  2984 | Ossuary  | Killed a wraith
  2985 | Ossuary  | Reached skill level 5 in Axes
  3025 | Ossuary  | Noticed a wraith
  3036 | Ossuary  | Killed a wraith
  3037 | Ossuary  | Reached XP level 7. HP: 17/64 MP: 6/6
  3195 | Ossuary  | Reached skill level 6 in Axes
  4049 | D:4      | Reached skill level 7 in Axes
  4156 | D:5      | Entered Level 5 of the Dungeon
  4275 | D:5      | Reached XP level 8. HP: 74/74 MP: 7/7
  4390 | D:5      | Found a radiant altar of Vehumet.
  4434 | D:5      | Found a staircase to the Ecumenical Temple.
  4465 | Temple   | Entered the Ecumenical Temple
  4501 | Temple   | Became a worshipper of Warmaster Okawaru
  4625 | D:5      | Found a snail-covered altar of Cheibriados.
  4811 | D:5      | Reached skill level 8 in Axes
  5052 | D:5      | Reached * piety under Okawaru
  5657 | D:6      | Reached skill level 9 in Axes
  6023 | D:6      | Reached skill level 10 in Fighting
  6023 | D:6      | Reached XP level 9. HP: 78/85 MP: 8/8
  6285 | D:7      | Reached ** piety under Okawaru
  6294 | D:7      | Reached skill level 10 in Axes
  6563 | D:7      | Found a hide-covered altar of Uskayaw.
  6563 | D:7      | Found a broken altar of Ashenzari.
  7839 | D:8      | Reached *** piety under Okawaru
  7840 | D:8      | Reached skill level 11 in Axes
  7928 | D:8      | Identified the +3 hand axe of Ascent {venom, Dex+2}
  8042 | D:8      | Noticed an oklob plant
  8567 | D:9      | Noticed a two-headed ogre
  8579 | D:9      | Killed a two-headed ogre
  8579 | D:9      | Reached **** piety under Okawaru
  8580 | D:9      | Reached skill level 12 in Axes
  8580 | D:9      | Reached XP level 10. HP: 26/99 MP: 9/9
  8851 | D:7      | Found a sacrificial altar of Ru.
  9672 | D:10     | Entered Level 10 of the Dungeon
  9696 | D:10     | Identified the +1 robe "Hovecutz" {rElec Will++ Int-4}
  9884 | D:10     | Found a staircase to the Orcish Mines.
  9935 | D:10     | Reached skill level 13 in Axes
 10204 | D:10     | Found a stormy altar of Qazlal.
 10551 | D:10     | Found a basalt altar of Yredelemnul.
 10640 | D:10     | Reached skill level 14 in Axes
 10895 | D:10     | Reached ***** piety under Okawaru
 11111 | D:11     | Noticed a boulder beetle
 11144 | D:11     | Killed a boulder beetle
 11145 | D:11     | Reached skill level 15 in Axes
 11408 | D:11     | Reached skill level 1 in Invocations
 11445 | D:11     | Noticed a two-headed ogre
 11452 | D:11     | Killed a two-headed ogre
 11453 | D:11     | Reached XP level 11. HP: 105/105 MP: 7/12
 11746 | D:11     | Noticed Fannar
 11765 | D:11     | Killed Fannar
 12181 | D:12     | Reached skill level 5 in Invocations
 12436 | D:12     | Noticed a soul eater
 12708 | D:12     | Identified the +0 ring mail "Esysis" {Harm rF++ Stlth+}
                  | (Okawaru gifted it to you on level 12 of the Dungeon)
 12708 | D:12     | Received a gift from Okawaru
 12838 | D:12     | Noticed a tengu reaver
 12854 | D:12     | Killed from afar by a tengu reaver

Illustrated notes

Levels and vault maps discovered:
D:1:      heliophobic_arrival_glass_houses, layout_loops_ring,
          minmay_stone_trees_medium, patterned_corridor
D:2:      layout_basic
D:3:      kennysheep_the_goblin_king, layout_basic, amcnicky_altar_gilded,
          mainiacjoe_overflow_brackets
D:4:      layout_rooms, enter_ossuary_2, grunt_ministairs_5
D:5:      layout_gridville, mainiacjoe_overflow_alcove_2,
          mainiacjoe_overflow_boulevard, temple_pool_b,
          minmay_misc_feat_columns, chequers_jeans, serial_bayou_lagoon_a,
          chequers_arboretum
D:6:      kb_forest_paths, layout_rooms
D:7:      layout_basic, nicolae_overflow_hidden_temple,
          nicolae_fountain_basement
D:8:      lemuel_slime, layout_loops_ring
D:9:      layout_irregular_city
D:10:     layout_loops_ring, nicolae_qazlal_style_of_elements,
          mainiacjoe_overflow_alcove_4, orc_0_dummy,
          nicolae_concentric_dashed_squares_wild, eino_jars
D:11:     minmay_the_grid_triangle_9x9_recursive_2
          [minmay_the_grid_triangle_9x9_prize_center,
          minmay_the_grid_triangle_9x9_intruding_spiral,
          minmay_the_grid_triangle_9x9_odd_lines,
          minmay_the_grid_triangle_9x9_corrupted_corridor], layout_basic,
          lair_entry_dummy, uniq_fannar
D:12:     layout_rooms, gauntlet_entry_generic, minmay_three_doors, uniq_urug
Temple:   oiseaux_autumnal_temple

Skill      XL: |  1  2  3  4  5  6  7  8  9 10 11 |
---------------+----------------------------------+-----
Fighting       | 4 5 6 7 10 12 | 12.6
Shields        | 4 5 |  5.1
Armour         | 4 5 |  5.0
Axes           | 3 4 5 7 9 12 15 | 15.1
Invocations    | 2 7 |  7.2

Action                     |  1- 3 |  4- 6 |  7- 9 | 10-12 || total
---------------------------+-------+-------+-------+-------++-------
  Melee: War axe           |    89 |    97 |   395 |   250 ||   831
         Headbutt          |     4 |    12 |    69 |    55 ||   140
 Invoke: Heroism           |       |       |       |     3 ||     3
         Finesse           |       |       |       |     3 ||     3
    Use: Scroll            |       |     6 |       |     8 ||    14
         Potion            |       |     2 |     1 |     2 ||     5
 Armour: Scale mail        |    39 |    44 |   175 |   137 ||   395
  Dodge: Dodged            |    36 |    44 |   152 |    82 ||   314
  Block: Buckler           |    26 |    16 |    80 |    74 ||   196
         Reflection        |       |       |       |     2 ||     2

Table legend: (Time is in decaauts)
 A = Elapsed time spent in this place.
 B = Non-inter-level travel time spent in this place.
 C = Inter-level travel time spent in this place.
 D = Time resting spent in this place.
 E = Time spent auto-exploring this place.
 F = Levels seen in this place.
 G = Mean time per level.
                   A        B        C        D        E       F      G
               +--------+--------+--------+--------+--------+-----+--------+
         Total |  12953 |  12117 |    836 |   3161 |   6376 |  14 |  925.2 |
       Dungeon |  12138 |  11357 |    781 |   2878 |   6158 |  12 | 1011.5 |
        Temple |     67 |     12 |     55 |      0 |      0 |   1 |   67.0 |
       Ossuary |    747 |    747 |      0 |    283 |    218 |   1 |  747.0 |
               +--------+--------+--------+--------+--------+-----+--------+

Top non-repeatable levels by time:
    D:10: 1627 daAuts
     D:7: 1312 daAuts
     D:5: 1182 daAuts
     D:3: 1155 daAuts
     D:1: 1133 daAuts
    D:11: 1070 daAuts
     D:8: 1042 daAuts
     D:6: 963 daAuts
     D:9: 853 daAuts
     D:4: 772 daAuts
 Ossuary: 747 daAuts
     D:2: 592 daAuts
    D:12: 431 daAuts
  Temple: 67 daAuts
